 Dungeon Crawl Stone Soup version 0.31-a0-236-g9a0961fb85 (webtiles) character file.

Game seed: 12046059062353588316

522 qw the Shooter (level 7, -5/59 HPs)
             Began as a Minotaur Hexslinger on July 10, 2023.
             Was an Initiate of Okawaru.
             Slain by a gnoll sergeant
             ... wielding a +2 heavy spear
              (11 damage)
             ... on level 5 of the Dungeon.
             The game lasted 00:01:22 (4019 turns).

qw the Shooter (Minotaur Hexslinger)                Turns: 4019, Time: 00:01:23

Health: -5/59      AC:  7    Str: 13    XL:     7   Next: 2%
Magic:  7/7        EV: 11    Int: 10    God:    Okawaru [......]
Gold:   236        SH:  0    Dex: 14    Spells: 7/8 levels left

rFire   . . .        Y - +1 sling
rCold   . . .        (no shield)
rNeg    . . .        d - +0 ring mail
rPois   .            i - +1 hat {Will+}
rElec   .            (no cloak)
rCorr   .            b - +0 pair of gloves
SInv    .            (no boots)
Will    +....        (no amulet)
Stlth   +            (no ring)
HPRegen 0.29/turn    (no ring)
MPRegen 0.10/turn

%: no passive effects
@: no status effects
A: horns 2, retaliatory headbutt
a: Renounce Religion


You were on level 5 of the Dungeon.
You worshipped Okawaru.
Okawaru was noncommittal.
You visited 2 branches of the dungeon, and saw 6 of its levels.

You collected 236 gold pieces.


Innate Abilities, Weirdness & Mutations

You have a pair of horns on your head.
You reflexively headbutt those who attack you in melee.


   Skills:
 - Level 4.0 Fighting
 + Level 7.2 Ranged Weapons
 - Level 2.0 Armour
 - Level 2.1 Dodging
 - Level 1.0 Spellcasting
 - Level 2.0 Hexes


You had 7 spell levels left.
You knew the following spells:

 Your Spells              Type           Power      Damage    Failure   Level
a - Slow                  Hex            16%        N/A       32%         1

Your spell library contained the following spells:

 Spells                   Type           Power      Damage    Failure   Level
 Inner Flame              Hex/Fire       2%         N/A       82%         3
 Portal Projectile        Hex/Tloc       4%         N/A       82%         3
 Cause Fear               Hex            2%         N/A       97%         4

Inventory:

Hand Weapons
 Y - a +1 sling (weapon)
Armour
 b - a +0 pair of gloves (worn)
 d - a +0 ring mail (worn)
 i - a +1 hat of willpower (worn)
Scrolls
 a - 4 scrolls of identify
 g - a scroll of enchant weapon {unknown}
 j - a scroll of brand weapon {unknown}
 k - a scroll of amnesia {unknown}
Potions
 c - a potion of cancellation {unknown}
 e - a potion of curing {unknown}
 f - a potion of haste
 h - 4 potions of enlightenment

Dungeon Overview and Level Annotations

Branches:
Dungeon (5/15)             Temple (1/1) D:4

Altars:
Ashenzari
Cheibriados
Dithmenos
Elyvilon
Fedhas
Gozag
Hepliaklqana
Makhleb
Nemelex Xobeh
Okawaru
Qazlal
Ru
Sif Muna
Trog
Uskayaw
Vehumet
Wu Jian
Xom
Yredelemnul
Zin
The Shining One


Message History

You shoot a sling bullet. The sling bullet hits the gnoll.
The gnoll is lightly wounded.
The gnoll barely misses you.
You shoot a sling bullet. The sling bullet hits the gnoll.
The gnoll is heavily wounded.
The gnoll hits you from afar with a +0 spear.
You shoot a sling bullet. The sling bullet hits the gnoll.
The gnoll is severely wounded.
The gnoll hits you from afar with a +0 spear.
You shoot a sling bullet.
The sling bullet hits the gnoll sergeant.
The gnoll sergeant is lightly wounded.
The gnoll sergeant hits you with a +2 heavy spear!
The gnoll hits you from afar with a +0 spear.
You shoot a sling bullet.
The sling bullet barely misses the gnoll sergeant.
The gnoll barely misses you.
The gnoll sergeant hits you with a +2 heavy spear!
The gnoll hits you from afar with a +0 spear.
You shoot a sling bullet.
The gnoll sergeant blocks the sling bullet.
The gnoll sergeant hits you with a +2 heavy spear.
The gnoll closely misses you.
You shoot a sling bullet.
The sling bullet completely misses the gnoll sergeant.
The gnoll hits you but does no damage.
You shoot a sling bullet.
The sling bullet hits the gnoll sergeant!
The gnoll sergeant is moderately wounded.
The gnoll sergeant closely misses you. The gnoll barely misses you.
You shoot a sling bullet.
The gnoll sergeant blocks the sling bullet.
The gnoll sergeant hits you with a +2 heavy spear!
The gnoll closely misses you.
You shoot a sling bullet.
The sling bullet hits the gnoll sergeant.
The gnoll sergeant is heavily wounded.
The gnoll barely misses you.
The gnoll sergeant hits you with a +2 heavy spear!
You die...

#### #.##.# # #.##.#
# #.##.# .< # #..#.#
.. ### #..#.# .g ..#
#....# g#
#.##.#######...###.#
#.##.............#g#
#.########.##..#@#.#
..# #.##....gg#
###### ###.###.#.###
.....# #.........#
####.###.#########
#.....# #######


You could see a gnoll sergeant and a gnoll.

Vanquished Creatures
  Grinder (D:4)
  2 scorpions (D:4)
  2 iguanas (D:4)
  7 adders
  An ufetubus (D:3)
  A worm (D:3)
  A dart slug (D:4)
  9 orcs
  5 bats
  8 endoplasms
  3 giant cockroaches
  9 goblins
  2 hobgoblins (D:3)
  8 kobolds
  2 quokkas
  9 ball pythons
  3 frilled lizards
  6 rats
79 creatures vanquished.

Notes
Turn   | Place    | Note
-------+----------+-------------------------------------------
     0 | D:1      | qw the Minotaur Hexslinger began the quest for the Orb.
     0 | D:1      | Reached XP level 1. HP: 16/16 MP: 1/1
     0 | D:1      | 0 ||| qw: Version: 0.3-a-52-g30416fa
     0 | D:1      | 0 ||| qw: Game counter: 4757
     0 | D:1      | 0 ||| qw: Melee chars always use a shield: true
     0 | D:1      | 0 ||| qw: God list: Okawaru
     0 | D:1      | 0 ||| qw: Allow faded altars: false
     0 | D:1      | 0 ||| qw: Do Orc after clearing Dungeon:15 true
     0 | D:1      | 0 ||| qw: Do second Lair branch before Depths: true
     0 | D:1      | 0 ||| qw: Lair rune preference: random
     0 | D:1      | 0 ||| qw: Goals: Normal
     0 | D:1      | 0 ||| PLANNING D:1-11
   120 | D:1      | Reached skill level 3 in Ranged Weapons
   182 | D:1      | Reached XP level 2. HP: 23/23 MP: 2/2
   863 | D:1      | 863 ||| DROPPING ring of wizardry.
   864 | D:1      | 864 ||| READING 3 scrolls labelled NUSTRI BUMUPSUD.
   865 | D:1      | 865 ||| READING scroll labelled HIXUTS ONWIDOL.
   866 | D:1      | 866 ||| READING scroll labelled QUKEWI FOHEWK.
   967 | D:1      | 967 ||| DRINKING 2 yellow potions.
   968 | D:1      | 968 ||| READING 2 scrolls of identify.
   968 | D:1      | 968 ||| IDENTIFYING blue potion
   969 | D:1      | 969 ||| DROPPING scroll of poison.
  1072 | D:2      | Reached XP level 3. HP: 27/29 MP: 3/3
  1367 | D:2      | Reached skill level 4 in Ranged Weapons
  1602 | D:2      | Found a faded altar of an unknown god.
  1701 | D:2      | 1701 ||| READING scroll labelled TIRAHO RULUTS.
  1702 | D:2      | 1702 ||| READING scroll labelled YCUBLE FOAWK.
  1703 | D:2      | 1703 ||| READING scroll labelled WAGASY IZO.
  1876 | D:3      | Reached XP level 4. HP: 35/36 MP: 4/4
  2049 | D:3      | 2049 ||| FLEEEEING.
  2050 | D:3      | 2050 ||| FLEEEEING.
  2051 | D:3      | 2051 ||| FLEEEEING.
  2052 | D:3      | 2052 ||| FLEEEEING.
  2053 | D:3      | 2053 ||| FLEEEEING.
  2397 | D:3      | Reached skill level 5 in Ranged Weapons
  2414 | D:3      | 2414 ||| UPGRADING to +0 pair of gloves.
  2419 | D:3      | 2419 ||| UPGRADING to +0 ring mail.
  2429 | D:3      | 2429 ||| DROPPING +0 robe.
  2430 | D:3      | 2430 ||| UPGRADING to +1 hat of willpower.
  2435 | D:3      | 2435 ||| DRINKING 2 fizzy clear potions.
  2466 | D:3      | 2466 ||| DROPPING potion of lignification.
  2497 | D:4      | 2497 ||| STAIRDANCE
  2549 | D:4      | Noticed a scorpion
  2554 | D:4      | Killed a scorpion
  2555 | D:4      | Reached skill level 3 in Fighting
  2555 | D:4      | Reached XP level 5. HP: 37/45 MP: 5/5
  2573 | D:4      | 2573 ||| FLEEEEING.
  2574 | D:4      | 2574 ||| FLEEEEING.
  2575 | D:4      | 2575 ||| FLEEEEING.
  2576 | D:4      | 2576 ||| FLEEEEING.
  2577 | D:4      | 2577 ||| STAIRDANCE
  2704 | D:4      | Noticed Grinder
  2733 | D:4      | Killed Grinder
  2734 | D:4      | Reached skill level 7 in Ranged Weapons
  2734 | D:4      | Reached XP level 6. HP: 19/51 MP: 6/6
  2900 | D:4      | Found a staircase to the Ecumenical Temple.
  2901 | D:4      | 2901 ||| PLANNING TEMPLE
  2905 | Temple   | Entered the Ecumenical Temple
  3077 | Temple   | 3077 ||| PLANNING OKAWARU WORSHIP
  3477 | Temple   | Became a worshipper of Warmaster Okawaru
  3478 | Temple   | 3478 ||| PLANNING D:1-11
  3845 | D:4      | Reached XP level 7. HP: 59/59 MP: 7/7
  3924 | D:4      | You fall into a shaft and drop 1 floor!
  3924 | D:5      | Entered Level 5 of the Dungeon
  3930 | D:5      | 3930 ||| PLANNING OSSUARY
  4005 | D:5      | 4005 ||| Stepping ~*~*~tactically~*~*~ (outnumbered).
  4007 | D:5      | 4007 ||| Stepping ~*~*~tactically~*~*~ (outnumbered).
  4018 | D:5      | HP: 6/59 [gnoll sergeant/+2 heavy spear (14)]
  4019 | D:5      | Slain by a gnoll sergeant

Levels and vault maps discovered:
D:1:      eino_arrival_tree_alley, layout_loops_corners
D:2:      layout_basic, shapermc_ecumenical_altar_mp_urbaneastern
D:3:      layout_basic, minmay_misc_feat_iff
D:4:      layout_loops_ring, temple_doors_e, nicolae_shop_dragon_depot,
          uniq_grinder
D:5:      layout_loops_cross, nicolae_ossuary_entry_false_entrances,
          uniq_blork_the_orc
Temple:   mainiacjoe_temple_starburst

Skill      XL: |  1  2  3  4  5  6 |
---------------+-------------------+-----
Ranged Weapons | 3 4 5 7 |  7.2
Fighting       | 2 3 4 |  4.0
Armour         | 2 |  2.0
Dodging        | |  2.1
Spellcasting   | |  1.0
Hexes          | |  2.0

Action                     |  1- 3 |  4- 6 |  7- 9 || total
---------------------------+-------+-------+-------++-------
   Fire: Sling             |   114 |   173 |    25 ||   312
    Use: Scroll            |     7 |       |       ||     7
         Potion            |     1 |     1 |       ||     2
 Armour: Robe              |     8 |     2 |       ||    10
         Ring mail         |       |    30 |    11 ||    41
  Dodge: Dodged            |    23 |    47 |    14 ||    84

Table legend:
 A = Non-vault XP
 B = Vault XP
 C = Vault XP percentage of total XP
 D = Non-vault monster count
 E = Vault monster count
 F = Vault count percentage of total count
                 A         B        C        D         E       F
            +---------+---------+-------+---------+---------+-------
      Total |     461 |     286 |  38.3 |      78 |       1 |   1.3
            +---------+---------+-------+---------+---------+-------
        D:1 |      31 |       0 |   0.0 |      19 |       0 |   0.0
        D:2 |      39 |       0 |   0.0 |      10 |       0 |   0.0
        D:3 |      78 |       0 |   0.0 |      25 |       0 |   0.0
        D:4 |     313 |     286 |  47.7 |      24 |       1 |   4.0
            +---------+---------+-------+---------+---------+-------
